 Dungeon Crawl Stone Soup version 0.23.1-37-gaa34b87 (webtiles) character file.

Game seed: 9332627628593614353

632 Fang the Skirmisher (level 7, -3/66 HPs)
             Began as a Gargoyle Berserker on Mar 27, 2019.
             Was a Believer of Trog.
             Killed by divine providence
             ... invoked by an orc priest
              (13 damage)
             ... on level 5 of the Dungeon.
             The game lasted 00:06:09 (3766 turns).

Fang the Skirmisher (Gargoyle Berserker)            Turns: 3766, Time: 00:06:09

Health: -3/66      AC: 13    Str: 27    XL:     7   Next: 49%
Magic:  7/7        EV: 13    Int:  8    God:    Trog [**....]
Gold:   222        SH:  0    Dex:  9    Spells: 6/6 levels left

rFire    . . .     SeeInvis .   a - +0 hand axe
rCold    . . .     Gourm    .   (no shield)
rNeg     + . .     Faith    .   b - +0 animal skin
rPois    ∞         Spirit   .   (no helmet)
rElec    +         Reflect  .   (no cloak)
rCorr    +         Harm     .   (no gloves)
MR       .....                  (no boots)
Stlth    ..........             (no amulet)
HPRegen  0.21/turn              q - ring of resist corrosion
MPRegen  0.10/turn              d - +6 ring of protection

@: berserking, very quick
A: negative energy resistance 1, electricity resistance, unbreathing,
petrification resistance, rot immunity, AC +4
a: Berserk, Trog's Hand, Renounce Religion


You were on level 5 of the Dungeon.
You worshipped Trog.
Trog was pleased with you.
You were near starving.

You visited 1 branch of the dungeon, and saw 5 of its levels.

You collected 222 gold pieces.

Inventory:

Hand Weapons
 a - a +0 hand axe (weapon)
Armour
 b - a +0 animal skin (worn)
Jewellery
 d - a +6 ring of protection (right hand)
 f - a +2 ring of strength
 q - a ring of resist corrosion (left hand)
Wands
 p - a wand of flame (11)
Scrolls
 e - 3 scrolls of fear {unknown}
 i - 2 scrolls of teleportation {unknown}
 j - 4 scrolls of identify {unknown}
 k - a scroll of blinking {unknown}
 n - a scroll of enchant weapon {unknown}
 o - a scroll of fog {unknown}
 r - a scroll of immolation {unknown}
 s - 2 scrolls of remove curse {unknown}
Potions
 g - 2 potions of lignification {unknown}
 h - 2 potions of degeneration {unknown}
 l - a potion of resistance {unknown}
 m - a potion of flight {unknown}
Comestibles
 c - 6 rations


   Skills:
 + Level 5.4 Fighting
 + Level 4.4 Axes
 + Level 4.7 Armour
 + Level 3.5 Dodging


You had 6 spell levels left.
You didn't know any spells.
Your spell library was empty.

Dungeon Overview and Level Annotations

Branches:
Dungeon (5/15)
 Temple: D:4-7

Altars:
Ashenzari
Elyvilon
Gozag
Sif Muna
Yredelemnul

Shops:
D:4 *


Innate Abilities, Weirdness & Mutations

You are resistant to torment.
Your stone body is resilient. (AC +4)
You are immune to poison.
You resist negative energy. (rN+)
You are resistant to electric shocks. (rElec)
You can survive without breathing.
You are immune to petrification.
You are immune to rotting.


Message History

You slash the worker ant!
The worker ant is severely wounded.
An orc comes into view. It is wielding a +0 whip.
The worker ant bites you but does no damage.
You barely miss the worker ant.
The worker ant is severely wounded.
The orc shouts!
You hear a shout!
The worker ant closely misses you.
You hit the worker ant.
The worker ant is almost dead.
The worker ant bites you.
* * * LOW HITPOINT WARNING * * *
You completely miss the worker ant.
The worker ant is almost dead.
The worker ant bites you but does no damage.
You barely miss the worker ant.
The worker ant is almost dead.
The orc priest calls down the wrath of Beogh upon you.
Beogh smites you!
You die...

. .. ### #.. #..
o.
#######>###o##...
.(.......@ao.$..#
######.###$#####
#. #.# # #.# #.#
#.# #.# #.# #.#
#.# #.# #.# #.#
#.######.#


You could see a worker ant, an orc priest, an orc wizard and an orc.

Vanquished Creatures
  Sigmund (D:2)
  An ogre (D:5)
  A howler monkey (D:3)
  A crimson imp (D:5)
  A centaur skeleton (D:4)
  Jessica (D:2)
  An iguana (D:5)
  An orc wizard (D:4)
  Natasha (thrice) (D:3)
  A worker ant (D:4)
  Terence (D:2)
  An adder (D:2)
  An adder zombie (D:2)
  3 worms (D:2)
  A dart slug (D:2)
  2 leopard geckos (D:1)
  8 orcs
  A ball python (D:2)
  8 bats
  8 goblins
  2 hobgoblins (D:2)
  7 jackals
  7 kobolds
  A quokka (D:4)
  7 frilled lizards
  6 rats
76 creatures vanquished.

Notes
Turn   | Place    | Note
-------+----------+-------------------------------------------
     0 | D:1      | Fang the Gargoyle Berserker began the quest for the Orb.
     0 | D:1      | Reached XP level 1. HP: 14/14 MP: 1/1
   144 | D:1      | Reached XP level 2. HP: 18/19 MP: 2/2
   539 | D:1      | Reached XP level 3. HP: 20/24 MP: 3/3
   768 | D:2      | Noticed Jessica
   775 | D:2      | Killed Jessica
   861 | D:2      | Reached ** piety under Trog
   865 | D:2      | Reached XP level 4. HP: 29/29 MP: 4/4
   880 | D:2      | Found a white marble altar of Elyvilon.
  1223 | D:2      | Noticed Sigmund
  1238 | D:2      | Killed Sigmund
  1238 | D:2      | Reached skill level 4 in Fighting
  1238 | D:2      | Reached XP level 5. HP: 34/34 MP: 5/5
  1238 | D:2      | Reached XP level 6. HP: 39/39 MP: 6/6
  1419 | D:2      | Noticed Terence
  1442 | D:2      | Killed Terence
  1948 | D:3      | Noticed Natasha
  1954 | D:3      | Killed Natasha
  2002 | D:3      | Found a deep blue altar of Sif Muna.
  2064 | D:3      | Noticed Natasha
  2068 | D:3      | Killed Natasha
  2125 | D:3      | Found a basalt altar of Yredelemnul.
  2213 | D:3      | Noticed Natasha
  2228 | D:3      | Killed Natasha
  2803 | D:3      | Reached skill level 5 in Fighting
  3014 | D:4      | Reached XP level 7. HP: 19/44 MP: 7/7
  3155 | D:4      | Found Vaytotreng's General Store.
  3218 | D:4      | Found a shattered altar of Ashenzari.
  3319 | D:4      | Found an opulent altar of Gozag.
  3491 | D:5      | Entered Level 5 of the Dungeon
  3766 | D:5      | Killed from afar by an orc priest

Skill      XL: |  1  2  3  4  5  6 |
---------------+-------------------+-----
Axes           | 3 4 |  4.4
Dodging        | 2 3 |  3.5
Armour         | 3 4 |  4.7
Fighting       | 4 5 |  5.4

Action                   |  1- 3 |  4- 6 |  7- 9 || total
-------------------------+-------+-------+-------++-------
Melee: Hand axe          |    90 |   225 |    53 ||   368
Invok: Berserk           |       |     1 |     2 ||     3
  Eat: Chunk             |       |     8 |     3 ||    11
Armor: Animal skin       |    43 |   120 |    24 ||   187
Dodge: Dodged            |    76 |   116 |    29 ||   221
